 Dungeon Crawl Stone Soup version 0.30.1-9-gdf580d7c3d (webtiles) character file.

Game seed: 14255676004394928508

51 monsoonserge the Grasshopper (level 3, -2/27 (28) HPs)
             Began as a Demonspawn Warper on Oct 6, 2023.
             Slain by Crazy Yiuf
             ... wielding a +2 quarterstaff of chaos
              (3 damage)
             ... on level 2 of the Dungeon.
             The game lasted 00:04:26 (1986 turns).

monsoonserge the Grasshopper (Demonspawn Warper)    Turns: 1986, Time: 00:04:27

HP:   -2/27 (28)    AC:  4    Str: 11    XL:     3   Next: 57%
MP:   6/6           EV: 11    Int: 18    God:
Gold: 34            SH:  0    Dex: 12    Spells: 4/6 levels left

rFire   . . .        q - +9 rapier "Pyphocw" {heavy, rC+ Will+}
rCold   + . .        (no shield)
rNeg    . . .        b - +0 leather armour
rPois   .            (no helmet)
rElec   .            (no cloak)
rCorr   .            (no gloves)
SInv    .            p - +0 pair of boots
Will    +....        (no amulet)
Stlth   +            (no ring)
HPRegen 0.24/turn    (no ring)
MPRegen 0.10/turn

%: no passive effects
@: lightly drained
A: powered by death 1, big brain 1
a: no special abilities


You were on level 2 of the Dungeon.
You visited 1 branch of the dungeon, and saw 2 of its levels.

You collected 34 gold pieces.

Inventory:

Hand Weapons
 q - the +9 rapier "Pyphocw" (weapon) {heavy, rC+ Will+}
   (You found it on level 2 of the Dungeon)

   rC:        It protects you from cold.
   Will:      It increases your willpower.
Missiles
 d - 7 boomerangs of dispersal (quivered)
 g - 6 boomerangs
Armour
 b - a +0 leather armour (worn)
 p - a +0 pair of boots (worn)
Jewellery
 j - an amulet of magic regeneration
Scrolls
 c - 2 scrolls of blinking
 h - 3 scrolls of teleportation {unknown}
 m - a scroll of fog {unknown}
 n - 3 scrolls of identify {unknown}
 o - a scroll of enchant weapon {unknown}
Potions
 a - a potion of haste {unknown}
 e - 6 potions of flight {unknown}
 i - a potion of might {unknown}
 k - a potion of berserk rage {unknown}
 l - a potion of resistance {unknown}


   Skills:
 + Level 2.5 Fighting
 * Level 1.1(1.6) Short Blades
 - Level 1.8(2.0) Long Blades
 + Level 0.9 Throwing
 + Level 1.4 Armour
 + Level 2.1 Dodging
 + Level 0.3 Stealth
 + Level 2.0 Spellcasting
 - Level 3.0 Translocations


You had 4 spell levels left.
You knew the following spells:

 Your Spells              Type           Power      Damage    Failure   Level
a - Blink                 Tloc           24%        N/A       11%         2

Your spell library contained the following spells:

 Spells                   Type           Power      Damage    Failure   Level
 Lesser Beckoning         Tloc           24%        N/A       11%         2
 Teleport Other           Tloc           12%        N/A       21%         3
 Shock                    Conj/Air       4%         1d3       24%         1
 Vhi's Electric Charge    Tloc/Air       14%        N/A       36%         3
 Swiftness                Air            1%         N/A       56%         3
 Manifold Assault         Tloc           12%        N/A       56%         4
 Airstrike                Air            0%         2d(1-17)  93%         4


Dungeon Overview and Level Annotations

Branches:
Dungeon (2/15)

Altars:

Annotations:
D:2 Crazy Yiuf


Innate Abilities, Weirdness & Mutations

You regenerate a little health from kills.
You have an unusually large brain. (Int +2)


Message History

Moving in this stuff is going to be slow.
You enter the shallow water.
Moving in this stuff is going to be slow.
You enter the shallow water.
Moving in this stuff is going to be slow.
There is an escape hatch in the ceiling here.
Found 6 stones.
You see here 6 stones.
You see here 6 stones.
Found a stone staircase leading down.
There is a stone staircase leading down here.
There is a stone staircase leading down here.
You see here a +0 short sword.
Crazy Yiuf shouts!
Crazy Yiuf flaps his cloak.
As you open the door, it creaks loudly!
You barely miss Crazy Yiuf.
Crazy Yiuf hits you with a +2 quarterstaff of chaos!
You feel drained.
You closely miss Crazy Yiuf. Crazy Yiuf barely misses you.
Crazy Yiuf hits you with a +2 quarterstaff of chaos!
You resist with almost no effort.
Casting: Blink (safe; 11% risk of failure)
Confirm with . or Enter, or press ? or * to list all spells.
Okay, then.
You puncture Crazy Yiuf!
Crazy Yiuf is almost dead.
Crazy Yiuf closely misses you.
Crazy Yiuf hits you with a +2 quarterstaff of chaos.
You resist with almost no effort.
You closely miss Crazy Yiuf.
Crazy Yiuf is almost dead.
Crazy Yiuf hits you with a +2 quarterstaff of chaos!
* * * LOW HITPOINT WARNING * * *
Crazy Yiuf draws strength from your wounds!
You puncture Crazy Yiuf!
Crazy Yiuf is almost dead.
Crazy Yiuf misses you.
Crazy Yiuf hits you with a +2 quarterstaff of chaos.
You die...

#.# #.# #.# ####.
####.# #.# ### #.
#....# #.# #.
#.#### ### ## #.#
# ##.##♣♣♣♣♣ #
#...#..♣.♣♣♣ ###
#
#.......♣..♣#...#
#
#......♣♣♣♣@g...#
# ##..#.♣♣
♣♣#..)# ####♣♣
### ###
#.########
#.........
##########


You could see Crazy Yiuf.

Vanquished Creatures
  3 adders (D:2)
  5 ball pythons
  6 bats
  2 endoplasms
  2 hobgoblins (D:1)
  2 quokkas (D:1)
  A frilled lizard (D:1)
  2 kobolds (D:2)
  5 rats
28 creatures vanquished.

Notes
Turn   | Place    | Note
-------+----------+-------------------------------------------
     0 | D:1      | monsoonserge the Demonspawn Warper began the quest for the
                  | Orb.
     0 | D:1      | Reached XP level 1. HP: 16/16 MP: 3/3
   118 | D:1      | Reached skill level 3 in Translocations
   286 | D:1      | Gained mutation: You regenerate a little health from kills.
                  | [demonic ancestry]
   286 | D:1      | Reached XP level 2. HP: 20/22 MP: 5/5
   295 | D:1      | You fall into a shaft and drop 1 floor!
   326 | D:2      | Reached skill level 1 in Armour
   431 | D:2      | Learned a level 2 spell: Blink
   929 | D:1      | Gained mutation: You have an unusually large brain. (Int
                  | +2) [demonic ancestry]
   929 | D:1      | Reached XP level 3. HP: 28/28 MP: 6/6
  1154 | D:2      | Identified the +9 rapier "Pyphocw" {heavy, rC+ Will+}
  1333 | D:2      | Reached skill level 1 in Short Blades
  1567 | D:2      | Found a runed translucent door.
  1568 | D:2      | Noticed Crazy Yiuf
  1985 | D:2      | HP: 1/27 [Crazy Yiuf/+2 quarterstaff of chaos (8)]
  1986 | D:2      | Slain by Crazy Yiuf

Illustrated notes

Levels and vault maps discovered:
D:1:      heliophobic_arrival_ceremonial_halls, layout_loops_corners
D:2:      wad_lake_hut, layout_basic, uniq_crazy_yiuf_cottage

Skill      XL: |  1  2  3 |
---------------+----------+-----
Translocations | 3 |  3.0
Armour         | 1 |  1.4
Dodging        | 2 |  2.1
Short Blades   | 1 |  1.1
Fighting       | |  2.5
Long Blades    | |  1.8
Throwing       | |  0.9
Stealth        | |  0.3
Spellcasting   | |  2.0

Action                     || total
---------------------------++-------
  Melee: Falchion          ||    11
         Dagger            ||    55
         Rapier            ||    21
 Armour: Leather armour    ||    38
  Dodge: Dodged            ||    58
